Match 44437168
Unlisted

Match 44437168
End
Scout Squad
Construct Barracks
Riflemen Squad
Selects Armored Battlegroup
Selects Veteran Crews
1⁄4-ton 4x4 Truck
Riflemen Squad
Grenade Package
Infantry Support Center
Riflemen Squad
Engineer Squad
Construct Motor Pool
Selects Strength in Steel
M8 Greyhound Armored Car
Construct Medical Station
Advanced Logistics
Selects Seek and Destroy
Survival Training
Construct Tank Depot
M1 Anti-tank Gun Team
Selects UNKNOWN (2160077)
Selects Field Repairs
Selects War Machine
M4A3E8 Sherman Easy Eight
Riflemen Squad
Engineer Squad
ZyAcroQC
De.Richelieu
BlindDeafOrphan
XSniper040
0
0

Comments sign in to comment!

No comments posted yet!